 Dungeon Crawl Stone Soup version 0.30-a0-241-g1121274140 (webtiles) character file.

Game seed: 3775216280812461641

3132 KennySheep the Changer (level 9, -4/71 HPs)
             Began as a Demigod Transmuter on Oct 10, 2022.
             Slain by a red devil
             ... wielding a +0 trident
             ... summoned by a kobold demonologist
              (22 damage)
             ... on level 7 of the Dungeon.
             The game lasted 00:22:18 (7908 turns).

KennySheep the Changer (Demigod Transmuter)         Turns: 7908, Time: 00:22:19

Health: -4/71      AC:  2    Str: 11      XL:     9   Next: 35%
Magic:  18/18      EV: 22    Int: 27      God:
Gold:   504        SH:  0    Dex: 18 (19) Spells: 10/16 levels left

rFire   . . .      SeeInvis .      - Unarmed
rCold   . . .      Faith    .    (shield currently unavailable)
rNeg    . . .      Spirit   .    (body armour currently unavailable)
rPois   x          Reflect  .    (helmet currently unavailable)
rElec   .          Harm     .    (cloak currently unavailable)
rCorr   .          Rampage  .    (gloves currently unavailable)
Will    .....                    (boots currently unavailable)
Stlth   ++........               (no amulet)
HPRegen 0.31/turn                (no ring)
MPRegen 0.16/turn                (no ring)

@: spider-form, spiked
A: venomous fangs, tiny, high MP 1, forlorn, divine attributes
a: End Transformation


You were on level 7 of the Dungeon.
You were a venomous arachnid creature.
You visited 1 branch of the dungeon, and saw 7 of its levels.
You also visited: Ossuary.

You collected 504 gold pieces.

Inventory:

Hand Weapons
 b - a +2 dagger of venom (melded)
Missiles
 o - 2 throwing nets
Armour
 a - a +2 tower shield
 p - a +2 hat (melded)
 s - a +3 leather armour (melded)
Jewellery
 x - a +4 ring of slaying
Wands
 r - a wand of roots (5)
 t - a wand of paralysis (7)
Scrolls
 c - a scroll of enchant armour
 d - a scroll of fear
 f - a scroll of immolation
 g - a scroll of fog {unknown}
 h - 2 scrolls of noise
 j - a scroll of poison
 l - a scroll of brand weapon
 n - 2 scrolls of teleportation
 u - a scroll of magic mapping
 w - 2 scrolls of identify
Potions
 e - a potion of attraction {unknown}
 i - a potion of cancellation {unknown}
 k - 2 potions of curing
 m - a potion of magic {unknown}
 q - a potion of might {unknown}


   Skills:
 + Level 4.2 Fighting
 + Level 4.4 Dodging
 - Level 2.7 Stealth
 + Level 6.3 Unarmed Combat
 + Level 4.1 Spellcasting
 * Level 6.6 Transmutations
 * Level 2.1 Air Magic
 - Level 3.3 Poison Magic


You had 10 spell levels left.
You knew the following spells:

 Your Spells              Type           Power      Damage    Failure   Level
a - Wereblood             Tmut           41%        N/A       4%          2
c - Beastly Appendage     Tmut           82%        N/A       3%          1
z - Spider Form           Tmut/Pois      32%        N/A       11%         3

Your spell library contained the following spells:

 Spells                   Type           Power      Damage    Failure   Level
 Sublimation of Blood     Necr           5%         N/A       28%         2
 Ice Form                 Ice/Tmut       23%        N/A       41%         4
 Gell's Gravitas          Tloc           5%         N/A       45%         3
 Lesser Beckoning         Tloc           10%        N/A       45%         3
 Teleport Other           Tloc           5%         N/A       45%         3
 Summon Lightning Spire   Summ/Air       11%        N/A       67%         4
 Storm Form               Tmut/Air       14%        N/A       100%        7
 Summon Hydra             Summ           2%         N/A       100%        7
 Maxwell's Capacitive Co  Air            8%         ∞         100%        8


Dungeon Overview and Level Annotations

Branches:
Dungeon (7/15)             Temple (0/1) D:6         Ossuary (visited)

Annotations:
D:4 1 runed translucent door, Crazy Yiuf
D:7 Prince Ribbit


Innate Abilities, Weirdness & Mutations

You are a venomous arachnid creature.
You have poisonous fangs.
You are tiny and dextrous.
Your spellcasting is less reliable in this form.
Your armour is entirely melded.
You are incapable of wielding weapons or throwing items.
You have an increased reservoir of magic. (+10% MP)
You shall have no god before yourself.
Your divine heritage dramatically boosts your attributes as you level up.


Message History

The yak is lightly wounded.
The yak barely misses you.
You bite the yak!
The yak looks as sick as possible!
The yak is moderately wounded.
The yak closely misses you.
You bite the yak!
The yak looks as sick as possible!
The yak is severely wounded.
The yak gores you!
* * * LOW HITPOINT WARNING * * *
You hit the yak.
The yak looks as sick as possible!
The yak is almost dead.
The kobold demonologist gestures wildly while chanting.
The yak gores you!
* * * LOW HITPOINT WARNING * * *
The yak attacks as you move away! The yak closely misses you.
You hit the yak but do no damage.
The yak looks as sick as possible!
The yak is almost dead.
You feel much better.
You kill the yak!
The kobold demonologist gestures wildly while chanting.
Your Air Magic skill increases to level 2!
The kobold demonologist casts a spell.
The red devil completely misses you. The soul eater hits you.
You hit the kobold demonologist but do no damage.
The kobold demonologist is poisoned.
The kobold demonologist closely misses you.
The red devil hits you from afar with a +0 trident!
* * * LOW HITPOINT WARNING * * *
Barbed spikes become lodged in your body.
The quasit bites you.
* * * LOW HITPOINT WARNING * * *
You feel clumsy.
The quasit claws you but does no damage.
The quasit barely misses you.
You hit the kobold demonologist.
The kobold demonologist looks as sick as possible!
The kobold demonologist is lightly wounded.
The soul eater misses you.
The red devil hits you from afar with a +0 trident!!
You die...

### .. .# ###.#####.
#.........
####..##########
#####....#5sK45....#
#........#3###5###.#
#.###.##.###.#.#.#
#.#...# ##.##.#
#.##..## ....#
#.#.<..# ...#
#.###.#.##.## ..##
#.......##..# .#
#.#####.##..##


You could see a soul eater (summoned), a kobold demonologist (extremely
poisoned), a red devil (summoned), a quasit (summoned), a crimson imp (summoned)
and a shadow imp (summoned).

Vanquished Creatures
  Grinder (D:3)
  Sigmund (D:5)
  A yak (D:7)
  Eustachio (D:4)
  A water moccasin (D:6)
  4 black bears
  2 ice beasts
  An orc warrior (D:7)
  A sky beast (D:6)
  2 ogres
  2 phantoms (D:5)
  5 scorpions
  A centaur zombie (Ossuary)
  5 hounds
  A jelly (D:4)
  A human zombie (Ossuary)
  A gnoll bouda (D:6)
  4 orc priests
  5 iguanas
  6 orc wizards
  2 mummies (Ossuary)
  17 gnolls
  11 adders
  2 dart slugs
  16 orcs
  5 endoplasms
  4 giant cockroaches
  3 gnoll zombies (Ossuary)
  7 goblins
  11 hobgoblins
  11 jackals
  13 kobolds
  5 quokkas
  7 ball pythons
  4 bats
  4 frilled lizards
  4 goblin zombies (Ossuary)
  3 hobgoblin zombies (Ossuary)
  2 orc zombies (Ossuary)
  7 rats
184 creatures vanquished.

Vanquished Creatures (others)
  A black bear (D:4)
  A scorpion (D:4)
  A gnoll bouda (D:4)
  An endoplasm (D:4)
  9 plants
  3 withered plants (D:3)
16 creatures vanquished.

Grand Total: 200 creatures vanquished

Notes
Turn   | Place    | Note
-------+----------+-------------------------------------------
     0 | D:1      | KennySheep the Demigod Transmuter began the quest for the
                  | Orb.
     0 | D:1      | Reached XP level 1. HP: 15/15 MP: 5/5
   262 | D:1      | Reached skill level 1 in Poison Magic
   314 | D:1      | Reached XP level 2. HP: 15/22 MP: 7/7
   965 | D:1      | Reached XP level 3. HP: 21/27 MP: 6/8
   969 | D:1      | Learned a level 3 spell: Spider Form
  1625 | D:2      | Reached XP level 4. HP: 27/34 MP: 9/9
  1632 | D:2      | Learned a level 2 spell: Wereblood
  2513 | D:3      | Reached XP level 5. HP: 16/39 MP: 7/10
  2872 | D:3      | Reached skill level 1 in Fighting
  3132 | D:3      | Noticed Grinder
  3152 | D:3      | Killed Grinder
  3153 | D:3      | Reached skill level 1 in Stealth
  3153 | D:3      | Reached XP level 6. HP: 22/47 MP: 9/12
  3477 | D:4      | Noticed Eustachio
  3500 | D:4      | Killed Eustachio
  3501 | D:4      | Reached XP level 7. HP: 17/53 MP: 9/13
  4106 | D:4      | Found a runed translucent door.
  4107 | D:4      | Noticed Crazy Yiuf
  4708 | D:5      | Entered Level 5 of the Dungeon
  5036 | D:5      | Noticed Sigmund
  5047 | D:5      | Killed Sigmund
  5048 | D:5      | Reached XP level 8. HP: 38/62 MP: 9/15
  5054 | D:5      | Reached skill level 5 in Transmutations
  5057 | D:5      | Reached skill level 5 in Unarmed Combat
  5492 | D:5      | Identified the +1 ring mail of Bequeathed Miracles {Fly
                  | Will- Dex+5}
  6180 | D:6      | Found a sand-covered staircase.
  6193 | Ossuary  | Entered an ossuary
  6770 | D:6      | Found a staircase to the Ecumenical Temple.
  6853 | D:6      | Reached XP level 9. HP: 53/71 MP: 15/18
  7456 | D:6      | Reached skill level 1 in Air Magic
  7513 | D:7      | Noticed Prince Ribbit
  7876 | D:7      | Noticed a kobold demonologist
  7906 | D:7      | Noticed a soul eater
  7908 | D:7      | Slain by a red devil

Illustrated notes

Levels and vault maps discovered:
D:1:      dpeg_arrival_lava_temple_mockup, layout_basic
D:2:      layout_basic, dreamdust_ecumenical_altar_angels_and_demons,
          serial_bayou, serial_bayou_shore_a, serial_bayou_pond_c,
          serial_bayou_pond_b, serial_bayou_lake_a
D:3:      minmay_recursive_quarters, layout_rooms, kiku_gazebo_garden_becter,
          grunt_ministairs_7, uniq_grinder
D:4:      layout_basic, xom_confusion_cloud, uniq_eustachio,
          uniq_crazy_yiuf_cottage
D:5:      layout_cave_pools, saegor_snake_ambush, uniq_sigmund
D:6:      nicolae_cairo_tiling_large, layout_basic, ashenzari_altar_1,
          minmay_temple_entry_glass, lightli_ossuary_entry_decrepit_ruins
D:7:      minmay_the_grid_triangle_9x9_recursive_2
          [minmay_the_grid_triangle_9x9_prize_insulated,
          minmay_the_grid_triangle_9x9_warning,
          minmay_the_grid_triangle_9x9_stretched_checkered,
          minmay_the_grid_triangle_9x9_descending_squares], layout_loops_ring,
          serial_shops, shop, shop, grunt_decor_clamped, uniq_prince_ribbit1

Skill      XL: |  1  2  3  4  5  6  7  8  9 |
---------------+----------------------------+-----
Transmutations | 2 3 4 6 |  6.6
Poison Magic   | 1 2 3 |  3.3
Fighting       | 1 2 3 4 |  4.2
Dodging        | 2 3 4 |  4.4
Stealth        | 1 2 |  2.7
Unarmed Combat | 3 4 6 |  6.3
Spellcasting   | 2 3 4 |  4.1
Air Magic      | 2 |  2.1

Action                   |  1- 3 |  4- 6 |  7- 9 || total
-------------------------+-------+-------+-------++-------
Melee: Unarmed           |   165 |    68 |   303 ||   536
       Kick              |     8 |       |       ||     8
       Headbutt          |     5 |       |       ||     5
       Punch             |     2 |     4 |     4 ||    10
       Dagger            |       |    80 |   103 ||   183
 Cast: Beastly Appendage |     6 |       |       ||     6
       Spider Form       |     2 |     5 |    24 ||    31
       Wereblood         |       |     1 |     2 ||     3
  Use: Potion            |     2 |     1 |     5 ||     8
       Scroll            |       |     2 |     6 ||     8
 Stab: Sleeping          |     2 |     1 |     4 ||     7
Armor: Robe              |    25 |    15 |       ||    40
       Skin              |    11 |     3 |    26 ||    40
       Leather armour    |       |       |    27 ||    27
Dodge: Dodged            |   115 |    92 |   393 ||   600

Table legend: (Time is in decaauts)
 A = Elapsed time spent in this place.
 B = Non-inter-level travel time spent in this place.
 C = Inter-level travel time spent in this place.
 D = Time resting spent in this place.
 E = Time spent auto-exploring this place.
 F = Levels seen in this place.
 G = Mean time per level.
                   A        B        C        D        E       F      G
               +--------+--------+--------+--------+--------+-----+--------+
         Total |   7939 |   7723 |    216 |   1611 |   4625 |   8 |  992.4 |
       Dungeon |   7668 |   7452 |    216 |   1505 |   4587 |   7 | 1095.4 |
       Ossuary |    271 |    271 |      0 |    106 |     38 |   1 |  271.0 |
               +--------+--------+--------+--------+--------+-----+--------+

Top non-repeatable levels by time:
     D:6: 1496 daAuts
     D:4: 1276 daAuts
     D:2: 1240 daAuts
     D:5: 1217 daAuts
     D:1: 1175 daAuts
     D:3: 1083 daAuts
 Ossuary: 271 daAuts
     D:7: 179 daAuts
